AoeStats
← Charlemagne

MegaRandom

506660649Analyzed
2v2 RM · 18d ago on Sep 14, 2026· 36m 32s· 4 players
Game mode
Random Map
Map size
Medium (4 player)
Population
200
Speed
Normal
Resources
Standard
Victory
Conquest
Starting age
Dark Age
Ending age
Imperial Age
RankedLock teamsTeams togetherTeam positionsShared explorationLock speedFull tech treeHidden civsTurbo modeCheats
Victory
Defeat
🇪🇸 Celts · Spain
975
+15
🇵🇪 Cumans · Peru
975
+15
🇩🇪 Mongols · Germany
974
-16
🇬🇧 Britons · United Kingdom
937
-14
djd1993
8:25 Feudal Age
9:14 Double-Bit Axe
9:44 Horse Collar
19:13 Castle Age
17:39 Man-at-Arms
19:08 Fletching
21:55 Crossbowman
23:29 Ballistics
23:05 Long Swordsman
Charlemagne
0:32 Loom
9:21 Feudal Age
13:20 Castle Age
14:59 Double-Bit Axe
16:39 Scale Barding Armor
17:02 Husbandry
17:19 Bloodlines
21:25 Husbandry
23:10 Fletching
BRugal
6:52 Loom
10:26 Feudal Age
10:49 Horse Collar
10:55 Double-Bit Axe
12:00 Man-at-Arms
16:58 Scale Mail Armor
17:59 Wheelbarrow
17:30 Arson
19:14 Forging
24:21 Castle Age
22:21 Gold Mining
25:09 Pikeman
25:35 Gambesons
26:23 Bow Saw
26:14 Heavy Plow
27:01 Stone Mining
29:22 Chain Mail Armor
33:52 Imperial Age
36:23 Onager
Wololo
9:27 Feudal Age
10:51 Double-Bit Axe
17:12 Man-at-Arms
18:45 Scale Mail Armor
20:22 Arson
20:54 Forging
22:38 Horse Collar
22:56 Fishing Lines
27:31 Castle Age
27:55 Wheelbarrow
28:58 Gold Mining
31:34 Bow Saw
31:20 Long Swordsman
32:35 Squires
34:53 Fletching
35:04 Padded Archer Armor
36:44 Ballistics
36:27 Heavy Plow
Connection lost

Rejoining the realm…

Still unreachable

The connection could not be restored.

Session expired

The server has moved on; the page needs a fresh start.